 Dungeon Crawl Stone Soup version 0.26-a0-661-g406de6ba63 (webtiles) character file.

Game seed: 12725672804136160829

461358 Birvald the Earth Mage (level 24, -17/167 HPs)
             Began as a Gargoyle Earth Elementalist on Oct 7, 2020.
             Was the Champion of Vehumet.
             Killed from afar by an ancient lich (67 damage)
             ... with a crystal spear
             ... on level 3 of the Crypt on Oct 9, 2020.
             The game lasted 02:28:51 (53140 turns).

Birvald the Earth Mage (GrEE)                      Turns: 53140, Time: 02:28:51

Health: -17/167    AC: 31    Str: 12    XL:     24   Next: 17%
Magic:  7/41       EV: 20    Int: 38    God:    Vehumet [******]
Gold:   3307       SH:  4    Dex: 12    Spells: 3/52 levels left

rFire    . . .     SeeInvis +   J - +9 demon whip (elec)
rCold    . . .     Faith    .   (no shield)
rNeg     + . .     Spirit   .   M - +2 troll leather armour
rPois    ∞         Reflect  .   f - +2 hat {MR+}
rElec    +         Harm     .   o - +1 cloak
rCorr    .         Rampage  .   g - +2 pair of gloves
MR       ++...                  Z - +2 pair of boots {run}
Stlth    ++........             e - amulet of magic regeneration
HPRegen  0.77/turn              z - ring of see invisible
MPRegen  0.52/turn              y - ring of Curiosity {Int+6 Slay+2 Stlth+}

@: about to teleport, marked, corroded, flying, slightly contaminated, drained,
quick
A: big wings, hooves 1, horns 1, repulsion field 1, large bone plates 1, agile
1, blink, clever 2, negative energy resistance 1, robust 1, electricity
resistance, unbreathing, evolution 2, petrification resistance, rot immunity, AC
+18
}: 3/15 runes: decaying, abyssal, gossamer
a: Stop Flying, Blink, Renounce Religion


You were on level 3 of the Crypt.
You worshipped Vehumet.
Vehumet was exalted by your worship.
You visited 9 branches of the dungeon, and saw 43 of its levels.
You visited the Abyss 1 time.
You also visited: Trove and Ice Cave.

You collected 7744 gold pieces.
You spent 4437 gold pieces at shops.

Inventory:

Hand Weapons
 s - the +7 great mace "Undeadhunter" {disrupt, rN+}
   (You took it off a deep elf mage on level 14 of the Dungeon)

   It protects you from negative energy.
 v - the +0 hand axe of the Hierophant {drain, +Inv}
   (You found it on level 4 of the Dungeon)

   A truly terrible weapon, it drains the life of those it strikes.
   It lets you turn invisible.
 J - a +9 demon whip of electrocution (weapon)
Missiles
 b - 967 stones (quivered)
 n - 4 throwing nets
Armour
 f - a +2 hat of magic resistance (worn)
 g - a +2 pair of gloves (worn)
 o - a +1 cloak (worn)
 M - a +2 troll leather armour (worn)
 Z - a +2 pair of boots of running (worn)
Jewellery
 e - an amulet of magic regeneration (around neck)
 m - a +6 ring of intelligence
 x - an uncursed ring of wizardry
 y - the ring of Curiosity (right hand) {Int+6 Slay+2 Stlth+}
   (You took it off a deep elf blademaster on level 3 of the Elven Halls)

   [ring of intelligence]

   It affects your intelligence (+6).
   It affects your accuracy and damage with ranged weapons and melee attacks
   (+2).
   It makes you more stealthy.
 z - a ring of see invisible (left hand)
 I - an uncursed ring of resist corrosion
Wands
 D - a wand of digging (9)
 F - a wand of iceblast (65)
 O - a wand of paralysis (10)
 X - a wand of acid (16)
 Y - a wand of disintegration (14)
Scrolls
 h - 26 scrolls of remove curse
 i - 12 scrolls of teleportation
 k - 2 scrolls of summoning
 l - 6 scrolls of fog
 B - a scroll of magic mapping
 C - 8 scrolls of amnesia
 G - 2 scrolls of enchant weapon
 H - 3 scrolls of blinking
 L - a scroll of holy word
 S - 17 scrolls of identify
 U - 2 scrolls of immolation
 W - a scroll of fear
Potions
 a - 4 potions of haste
 c - 4 potions of mutation
 d - 5 potions of cancellation
 j - 5 potions of brilliance
 p - 3 potions of heal wounds
 q - 11 potions of curing
 r - 14 potions of ambrosia
 w - a potion of invisibility
 A - 11 potions of magic
 E - 7 potions of resistance
 N - 3 potions of stabbing
 T - 3 potions of berserk rage
 V - 5 potions of might
Miscellaneous
 t - a condenser vane (2/2)
 u - a tin of tremorstones (3/3)
 K - a phantom mirror (inert)
 R - a phial of floods


   Skills:
 + Level 15.7(14.5) Fighting
 + Level 15.3(14.1) Maces & Flails
 - Level 6.0(4.9) Armour
 + Level 12.7(11.5) Dodging
 - Level 2.1(1.2) Stealth
 + Level 14.5(13.3) Spellcasting
 + Level 16.5(15.2) Conjurations
 - Level 0.7(0.0) Transmutations
 * Level 16.0(14.7) Fire Magic
 + Level 18.1(16.8) Earth Magic
 - Level 10.0(8.8) Evocations


You had 3 spell levels left.
You knew the following spells:

 Your Spells              Type           Power        Failure   Level
a - Shatter               Erth           ########..   41%         9
b - Stone Arrow           Conj/Erth      ######       0%          3
c - Lee's Rapid Deconstr  Erth           ########..   1%          5
d - Iron Shot             Conj/Erth      #######...   1%          6
e - Irradiate             Conj/Tmut      ######....   1%          5
f - Fireball              Conj/Fire      #######...   1%          5
g - Ignition              Fire           #######...   8%          8
h - Lehudib's Crystal Sp  Conj/Erth      #######...   4%          8

Your spell library contained the following spells:

 Spells                   Type           Power        Failure   Level
 Fire Storm               Conj/Fire      #######...   67%         9
 Tornado                  Air            ####......   100%        9
 Sandblast                Erth           ######       0%          1
 Conjure Flame            Conj/Fire      #######.     0%          3
 Apportation              Tloc           ####..       1%          1
 Beastly Appendage        Tmut           ####..       1%          1
 Shock                    Conj/Air       ####         1%          1
 Summon Small Mammal      Summ           ####         1%          1
 Passwall                 Tmut/Erth      ######..     1%          2
 Ignite Poison            Fire/Tmut/Pois ######..     1%          3
 Mephitic Cloud           Conj/Pois/Air  ######..     1%          3
 Static Discharge         Conj/Air       ######..     1%          3
 Call Imp                 Summ           ####....     2%          2
 Poisonous Vapours        Pois/Air       ####..       2%          2
 Swiftness                Air            ####....     2%          2
 Wereblood                Tmut           ####....     2%          2
 Call Canine Familiar     Summ           ####....     5%          3
 Confusing Touch          Hex            ####....     5%          3
 Gell's Gravitas          Tloc           ####......   5%          3
 Portal Projectile        Hex/Tloc       ####..       5%          3
 Spider Form              Tmut/Pois      ####......   5%          3
 Summon Guardian Golem    Hex/Summ       ####....     5%          3
 Petrify                  Tmut/Erth      ######..     1%          4
 Bolt of Magma            Conj/Fire/Erth #######...   1%          5
 Borgnjor's Vile Clutch   Necr/Erth      ######....   1%          5
 Lightning Bolt           Conj/Air       ######....   1%          5
 Starburst                Conj/Fire      #######...   1%          6
 Conjure Ball Lightning   Conj/Air       ######....   3%          6
 Airstrike                Air            ####......   5%          4
 Freezing Cloud           Conj/Ice/Air   ######....   10%         6
 Yara's Violent Unravell  Hex/Tmut       ####......   13%         5
 Spellforged Servitor     Conj/Summ      ######....   17%         7
 Animate Dead             Necr           ####......   19%         4
 Ice Form                 Ice/Tmut       ####....     19%         4
 Passage of Golubria      Tloc           N/A          19%         4
 Summon Ice Beast         Ice/Summ       ####....     19%         4
 Summon Lightning Spire   Summ/Air       ####....     19%         4
 Alistair's Intoxication  Tmut/Pois      ####.....    45%         5
 Blade Hands              Tmut           ####......   45%         5
 Metabolic Englaciation   Hex/Ice        ####......   45%         5
 Summon Forest            Summ/Tloc      ####......   45%         5
 Death Channel            Necr           ####......   96%         6
 Hydra Form               Tmut           ####......   96%         6
 Invisibility             Hex            ####....     96%         6
 Shadow Creatures         Summ           N/A          96%         6
 Simulacrum               Ice/Necr       ####......   96%         6
 Dragon Form              Tmut           ####......   100%        7
 Haunt                    Necr/Summ      ####......   100%        7
 Malign Gateway           Summ/Tloc      ####......   100%        7
 Borgnjor's Revivificati  Necr           ####......   100%        8
 Disjunction              Tloc           ####......   100%        8
 Infestation              Necr           ####......   100%        8
 Necromutation            Tmut/Necr      ####......   100%        8
 Death's Door             Necr           ####......   100%        9
 Statue Form              Tmut/Erth      Unusable     N/A         6

Dungeon Overview and Level Annotations

Branches:
Dungeon (15/15)            Temple (1/1) D:4            Lair (6/6) D:10
  Swamp (4/4) Lair:3       Spider (4/4) Lair:3        Slime (0/5) Lair:6
    Orc (2/2) D:9             Elf (3/3) Orc:2        Vaults (5/5) D:13
  Crypt (3/3) Vaults:3       Tomb (0/3) Crypt:3      Depths (0/5) D:15
  IceCv (visited)

Altars:
Ashenzari
Cheibriados
Dithmenos
Elyvilon
Fedhas
Gozag
Hepliaklqana
Kikubaaqudgha
Makhleb
Nemelex Xobeh
Okawaru
Qazlal
Ru
Sif Muna
Trog
Uskayaw
Vehumet
Wu Jian
Xom
Yredelemnul
Zin
The Shining One
Jiyva

Shops:
D:6 *   D:10 ?   D:12 !=!(*   Orc:2 ?(((=   Elf:1 }   Elf:3 *:   Vaults:1 [?:
Vaults:2 }(=

Annotations:
D:14 3 runed translucent doors, Egubraech's ghost, adept OpBr
Lair:5 3 runed translucent doors, drasked's ghost, journeyman TrHu
Lair:6 1 runed translucent door
Orc:1 3 runed translucent doors, washedup's ghost, novice DDFi
Elf:2 3 runed translucent doors
Crypt:2 1 runed translucent door, Neacots's ghost, veteran GrFi
Crypt:3 exclusion: 5 doors


Innate Abilities, Weirdness & Mutations

You are resistant to torment.
Your stone body is resilient. (AC +18)
You are immune to poison.
Your large and strong wings let you fly indefinitely.
You resist negative energy. (rN+)
You are resistant to electric shocks. (rElec)
You can survive without breathing.
You are immune to petrification.
You are immune to rotting.
You have large cloven feet.
You have a pair of small horns on your head.
You are surrounded by a mild repulsion field. (EV +2)
You are partially covered in large bone plates. (SH +4)
You are agile. (Dex +2)
You can translocate small distances at will.
Your mind is very acute. (Int +4)
You are robust. (+10% HP)
You rapidly evolve.


Message History

Okay, then.
Unknown command.
As you read the scroll of teleportation, it crumbles to dust.
You feel strangely unstable.
The lich gestures at you while chanting.
The bolt of negative energy hits the ancient lich.
The ancient lich completely resists.
The bolt of negative energy hits you! You partially resist.
You feel drained.
The ancient lich points at you and mumbles some strange words.
The bolt of acid hits you! The acid corrodes you!
You are splashed with acid!
* * * LOW HITPOINT WARNING * * *
The deep elf death mage hits you but does no damage.
You feel less contaminated with magical energies.
You block the quicksilver dragon zombie's attack.
The quicksilver dragon zombie completely misses you.
The quicksilver dragon zombie bites you but does no damage.
The quicksilver dragon zombie claws you but does no damage.
The ancient lich casts a spell at you. The crystal spear hits you!!!
You die...

+,,** **,,,,,,*** #...... +,,,*
#..,,,,...# #...... +,,,*
#...,,,...# ##..... *,,,*
#...###'''## #######
*,,,*****##...#......######......
*,,,,,,,,.....'.......'...'......
*,,,,,,,,.....'.......'...'......
*,,,,,,,,.....'.......'...'......
#+++#*+++*#...#.@.....#...#......
....#,....#...#Z......#...##'''##
....#.....'...'e......#...##.....
....#.....'..*'.L.[.......##....#
....#.....'...#.......#...##....#
...#+.....#...###L..###.........#
#''#).........###...###.........#
...'............................#
...'...........)L.........##+++##


You could see an ancient lich (fast), a lich (fast), a deep elf death mage, a
lost soul (summoned) and a quicksilver dragon zombie.

Vanquished Creatures
  An ancient lich (Crypt:2)
  The ghost of Warufrag the Warrior, a veteran GrFi of the Shining One (Crypt:3)
  Jory (Vaults:3)
  2 bone dragons (Crypt:3)
  A tentacled monstrosity (Vaults:4)
  3 deep elf blademasters (Elf:3)
  A titan (Vaults:4)
  3 deep elf master archers (Elf:3)
  A sphinx (Crypt:3)
  6 ancient champions
  A storm dragon (Vaults:3)
  The ghost of ikjuyhgtrf the Severer, an adept DDFi of Makhleb (Elf:3)
  Roxanne (D:15)
  3 revenants
  11 vault wardens
  A frost giant (Vaults:3)
  7 ghost moths
  7 deep elf sorcerers
  8 emperor scorpions
  4 deep elf elementalists (Elf:3)
  A curse skull (Crypt:1)
  13 ironheart preservers
  9 ghouls
  4 entropy weavers
  The ghost of Liek the Unseen, an adept FeCK of Zin (Vaults:4)
  2 very ugly things
  A stone giant (Vaults:3)
  3 juggernaut skeletons
  4 deep elf annihilators (Elf:3)
  A vampire knight (Crypt:3)
  5 deep elf demonologists
  A spectral titan (Crypt:3)
  Snorg (Orc:1)
  A spark wasp (Spider:2)
  An ettin (Vaults:4)
  2 spectral quicksilver dragons (Crypt:3)
  A merfolk impaler (Abyss:3)
  2 eidola (Crypt:2)
  3 fire dragons
  A blizzard demon (Abyss:3)
  12 deep elf death magi
  6 yaktaur captains
  Josephine (D:10)
  3 deep elf high priests (Elf:3)
  11 jiangshi
  A great orb of eyes (Vaults:3)
  18 hydras
  3 rakshasas
  3 ice dragons
  Harold (D:9)
  8 centaur warriors
  10 ghost crabs
  12 boulder beetles
  30 vault guards
  6 shambling mangroves
  10 alligators
  Erica (Lair:1)
  16 ogre magi
  12 dancing weapons
  4 death knights
  48 two-headed ogres
  A deep troll earth mage (Vaults:3)
  A spectral frost giant (Crypt:3)
  5 death yaks (Lair:4)
  2 tengu warriors
  8 vampire magi
  A wretched star (Abyss:3)
  A titan zombie (Crypt:3)
  A soul eater (Crypt:1)
  Sonja (Lair:2)
  14 deep elf knights
  A storm dragon zombie (Crypt:2)
  3 large abominations (Abyss:3)
  3 unseen horrors
  16 skeletal warriors
  5 wizards
  A spectral anaconda (Crypt:3)
  A death drake (shapeshifter) (Vaults:4)
  4 shadow wraiths
  7 deep trolls (Vaults:3)
  An unseen horror (shapeshifter) (D:15)
  4 spriggan druids
  2 glowing orange brains
  3 flayed ghosts
  A quicksilver dragon simulacrum (Crypt:3)
  14 orc knights
  10 ironbrand convokers
  An obsidian statue (Vaults:4)
  A wolf spider zombie (Crypt:2)
  4 phantasmal warriors
  3 necromancers
  A harpy (shapeshifter) (Elf:1)
  11 swamp dragons
  4 lindwurms
  15 deep elf archers
  29 wolf spiders
  15 orb spiders
  An orb spider (shapeshifter) (Vaults:1)
  2 manticores
  2 shadow dragon skeletons
  43 deep elf magi
  8 cyclopes
  2 spectral ice dragons (Crypt:3)
  4 orc sorcerers
  32 slime creatures
  26 ugly things
  A centaur zombie (D:13)
  A salamander (shapeshifter) (D:15)
  An iron dragon skeleton (Crypt:3)
  Joseph (D:10)
  Maurice (D:10)
  A fire giant zombie (Crypt:2)
  8 naga magi (D:13)
  A moth of wrath (Spider:4)
  A guardian serpent (Abyss:3)
  8 vault sentinels
  A guardian serpent (shapeshifter) (Vaults:3)
  15 elephants
  8 black mambas
  5 apocalypse crabs (Swamp:2)
  A gargoyle (D:15)
  2 ice statues (IceCv)
  2 torpor snails (Lair:3)
  3 molten gargoyles (Lair:6)
  4 smoke demons (Abyss:3)
  A purple draconian zombie (Crypt:1)
  A kobold demonologist (D:13)
  6 centaur skeletons
  8 rime drakes
  25 yaktaurs
  24 cane toads
  An efreet (D:14)
  A yaktaur zombie (Vaults:4)
  10 freezing wraiths
  11 komodo dragons
  6 trolls
  4 guardian mummies (Crypt:3)
  2 ancient zymes (Abyss:3)
  A queen bee (D:12)
  8 demonic crawlers
  3 meliai (D:12)
  A queen bee (shapeshifter) (Elf:1)
  A yellow draconian skeleton (Crypt:1)
  2 tengu conjurers
  20 jumping spiders
  A hydra zombie (Crypt:2)
  2 hornets (shapeshifter)
  2 meliai (shapeshifter)
  17 hornets
  11 bog bodies
  4 raiju (Abyss:3)
  A fire dragon zombie (Crypt:3)
  9 tyrant leeches
  A hydra skeleton (Crypt:2)
  A guardian serpent zombie (Crypt:2)
  24 blink frogs
  An alligator zombie (Crypt:2)
  A snapping turtle (shapeshifter) (Elf:3)
  A satyr zombie (Crypt:3)
  7 dream sheep (Lair:4)
  6 flying skulls
  3 shadows
  A dire elephant simulacrum (Crypt:3)
  A fire dragon skeleton (Crypt:2)
  43 redbacks
  5 air elementals
  4 wyverns
  6 wraiths
  51 yaks
  17 tarantellas
  3 spriggans
  A basilisk (shapeshifter) (D:15)
  9 basilisks
  3 water elementals
  A yak (shapeshifter) (Vaults:3)
  A hog (D:13)
  A human (shapeshifter) (Vaults:3)
  A chaos spawn (Abyss:3)
  2 neqoxecs (Abyss:3)
  Eustachio (D:4)
  A swamp worm (shapeshifter) (D:14)
  A human simulacrum (Vaults:4)
  Grum (Lair:1)
  3 acid dragons
  16 swamp worms
  12 vampire mosquitoes
  Edmund (D:5)
  4 insubstantial wisps (Swamp:2)
  A soldier ant (D:14)
  7 wargs
  A soldier ant (shapeshifter) (Vaults:4)
  5 hell hounds (Lair:6)
  Duvessa (D:4)
  11 water moccasins
  A two-headed ogre skeleton (Crypt:1)
  6 swamp drakes (Swamp:4)
  4 sky beasts
  21 ice beasts
  25 orc warriors
  3 starcursed masses (Abyss:3)
  2 necrophages
  56 ogres
  3 black bears
  An eye of draining (shapeshifter) (D:15)
  24 wolves
  5 boggarts
  3 phantoms
  28 centaurs
  3 big kobolds
  15 bullfrogs
  An earth elemental (Elf:3)
  A human skeleton (Vaults:4)
  Dowan (D:4)
  2 wyvern skeletons
  5 scorpions
  32 killer bees
  2 snapping turtle simulacra (Crypt:3)
  9 wights (D:12)
  An orc simulacrum (Vaults:1)
  An electric eel (Spider:4)
  3 bullfrog zombies
  A howler monkey (D:14)
  5 lava snakes (Lair:6)
  3 quasits
  4 hounds
  An iron imp (Abyss:3)
  3 jellies
  28 orc wizards
  18 orc priests
  6 bullfrog skeletons
  6 iguanas
  Ijyb (D:3)
  3 lightning spires (Abyss:3)
  9 worker ants
  4 hell rats (Lair:6)
  A naga zombie (Crypt:2)
  An ogre skeleton (Crypt:1)
  A hound skeleton (D:4)
  2 worker ant zombies
  4 gnolls (D:4)
  A howler monkey skeleton (D:11)
  14 adders
  A shadow imp (D:9)
  A swamp drake skeleton (Crypt:1)
  2 white imps
  2 ufetubi
  2 oozes
  An adder zombie (D:7)
  An adder skeleton (D:8)
  3 dart slugs
  7 leopard geckos
  76 orcs
  4 ball pythons
  8 bats
  3 giant cockroaches
  9 goblins
  10 hobgoblins
  15 jackals
  8 quokkas
  8 frilled lizards
  A goblin skeleton (Crypt:1)
  17 kobolds
  A kobold zombie (Crypt:1)
  A quokka skeleton (Crypt:2)
  A quokka zombie (D:10)
  5 rats
  A bush (Lair:5)
1723 creatures vanquished.

Vanquished Creatures (collateral kills)
  A hydra (D:13)
1 creature vanquished.

Vanquished Creatures (others)
  Kirke (D:13)
  A blizzard demon (Abyss:3)
  An alligator (Swamp:2)
  A cane toad (Swamp:2)
  A human (D:13)
  2 insubstantial wisps (Swamp:2)
  27 fungi
  53 plants
87 creatures vanquished.

Grand Total: 1811 creatures vanquished

Notes
Turn   | Place    | Note
-------+----------+-------------------------------------------
     0 | D:1      | Birvald the Gargoyle Earth Elementalist began the quest for
                  | the Orb.
     0 | D:1      | Reached XP level 1. HP: 10/10 MP: 3/3
   119 | D:1      | Reached XP level 2. HP: 15/15 MP: 3/5
   187 | D:1      | Reached skill level 4 in Earth Magic
   599 | D:1      | Reached XP level 3. HP: 16/19 MP: 6/6
   604 | D:1      | Learned a level 3 spell: Stone Arrow
  1282 | D:2      | Reached skill level 1 in Conjurations
  1388 | D:2      | Reached XP level 4. HP: 24/24 MP: 5/8
  1840 | D:3      | Noticed Ijyb
  1853 | D:3      | Killed Ijyb
  1853 | D:3      | Reached skill level 5 in Earth Magic
  2219 | D:3      | Reached XP level 5. HP: 25/28 MP: 9/9
  2227 | D:3      | Learned a level 5 spell: Lee's Rapid Deconstruction
  2938 | D:4      | Got a crude hand axe
  2939 | D:4      | Identified the cursed +0 hand axe of the Hierophant {drain,
                  | +Inv} (You found it on level 4 of the Dungeon)
  3142 | D:4      | Found a staircase to the Ecumenical Temple.
  3148 | Temple   | Entered the Ecumenical Temple
  3263 | Temple   | Became a worshipper of Vehumet
  3299 | D:4      | Noticed Dowan
  3299 | D:4      | Noticed Duvessa
  3322 | D:4      | Killed Duvessa
  3322 | D:4      | Reached XP level 6. HP: 20/32 MP: 0/11
  3338 | D:4      | Killed Dowan
  3671 | D:4      | Noticed Eustachio
  3697 | D:4      | Reached skill level 6 in Earth Magic
  3719 | D:4      | Killed Eustachio
  3719 | D:4      | Reached XP level 7. HP: 18/36 MP: 4/13
  4189 | D:4      | Reached skill level 7 in Earth Magic
  4669 | D:5      | Entered Level 5 of the Dungeon
  4682 | D:5      | Reached skill level 5 in Spellcasting
  4841 | D:5      | Reached * piety under Vehumet
  4841 | D:5      | Offered knowledge of Shock by Vehumet.
  4842 | D:5      | Reached skill level 5 in Conjurations
  4842 | D:5      | Reached XP level 8. HP: 38/41 MP: 4/15
  5272 | D:5      | Noticed Edmund
  5277 | D:5      | Killed Edmund
  5511 | D:5      | Reached skill level 1 in Fighting
  5511 | D:5      | Reached skill level 1 in Armour
  5511 | D:5      | Reached skill level 8 in Earth Magic
  5511 | D:5      | Reached skill level 1 in Evocations
  5784 | D:5      | Found a sparkling altar of Nemelex Xobeh.
  5844 | D:5      | Reached skill level 1 in Maces & Flails
  6580 | D:6      | Reached XP level 9. HP: 48/48 MP: 17/17
  6584 | D:6      | Found a basalt altar of Yredelemnul.
  6586 | D:6      | Found Wuetweas's Profane Products.
  7548 | D:7      | Gained mutation: Your body sometimes deteriorates upon
                  | taking damage. [potion of mutation]
  7548 | D:7      | Gained mutation: You evolve. [potion of mutation]
  7548 | D:7      | Gained mutation: Your mind is acute. (Int +2) [potion of
                  | mutation]
  7548 | D:7      | Gained mutation: You can translocate small distances at
                  | will. [potion of mutation]
  7614 | D:7      | Offered knowledge of Searing Ray by Vehumet.
  7639 | D:7      | Reached ** piety under Vehumet
  8640 | D:8      | Found an ornate altar of the Wu Jian Council.
  8670 | D:8      | Reached skill level 9 in Earth Magic
  8670 | D:8      | Reached XP level 10. HP: 53/56 MP: 12/19
  9007 | D:6      | Bought a +2 demon whip of electrocution for 594 gold pieces
  9070 | D:9      | Noticed Harold
  9093 | D:9      | Killed Harold
  9291 | D:9      | Identified the cursed +0 dagger "Neitinn" {vorpal, Dex+2}
  9300 | D:9      | Offered knowledge of Inner Flame by Vehumet.
  9326 | D:9      | Noticed a two-headed ogre
  9344 | D:9      | Reached *** piety under Vehumet
  9358 | D:9      | Killed a two-headed ogre
  9559 | D:9      | Found a staircase to the Orcish Mines.
 10571 | D:10     | Entered Level 10 of the Dungeon
 10615 | D:10     | Noticed Joseph
 10617 | D:10     | Offered knowledge of Conjure Flame by Vehumet.
 10636 | D:10     | Killed Joseph
 10799 | D:10     | Reached XP level 11. HP: 49/62 MP: 21/21
 10815 | D:10     | Reached skill level 5 in Fighting
 10990 | D:10     | Reached **** piety under Vehumet
 11037 | D:10     | Offered knowledge of Frozen Ramparts by Vehumet.
 11166 | D:10     | Reached skill level 5 in Armour
 11313 | D:10     | Reached skill level 10 in Earth Magic
 11351 | D:10     | Found a staircase to the Lair.
 11382 | D:10     | Noticed Josephine
 11392 | D:10     | Killed Josephine
 11437 | D:10     | Gained mutation: You have large cloven feet. [evolution]
 11752 | D:10     | Found Eruudwum's Magic Scroll Boutique.
 11768 | D:10     | Bought a scroll of blinking for 120 gold pieces
 11781 | D:10     | Noticed Maurice
 11800 | D:10     | Killed Maurice
 11946 | D:10     | Reached skill level 5 in Maces & Flails
 12468 | D:11     | Killed an unseen horror
 12632 | D:11     | Noticed a cyclops
 12642 | D:11     | Killed a cyclops
 12790 | D:11     | Reached skill level 5 in Evocations
 12792 | D:11     | Noticed a green ugly thing
 12798 | D:11     | Gained mutation: You have a pair of small horns on your
                  | head. [evolution]
 12807 | D:11     | Killed a green ugly thing
 12807 | D:11     | Reached XP level 12. HP: 60/70 MP: 5/23
 12989 | D:11     | Reached skill level 5 in Dodging
 13005 | D:11     | Reached ***** piety under Vehumet
 13005 | D:11     | Offered knowledge of Iron Shot by Vehumet.
 13028 | D:11     | Learned a level 6 spell: Iron Shot
 13579 | D:12     | Found Suefopax's Antique Weapon Shoppe.
 13794 | D:12     | Found a shimmering blue altar of Sif Muna.
 13850 | D:12     | Reached skill level 11 in Earth Magic
 14199 | D:12     | Found Bouno's Assorted Antiques.
 14337 | D:12     | Found Onexupa's Distillery.
 14345 | D:12     | Bought a potion of invisibility for 104 gold pieces
 14345 | D:12     | Bought a potion of curing for 39 gold pieces
 14345 | D:12     | Bought a potion of curing for 39 gold pieces
 14506 | D:12     | Found Qenaapho's Jewellery Boutique.
 14633 | D:12     | Found Alu Pufi's Distillery.
 14856 | D:13     | Reached XP level 13. HP: 77/77 MP: 13/25
 15038 | D:13     | Noticed Kirke
 15115 | D:13     | Killed Kirke
 15200 | D:13     | Found a frozen archway.
 15211 | IceCv    | Entered an ice cave
 15314 | IceCv    | Gained mutation: Your mind is very acute. (Int +4)
                  | [evolution]
 15592 | IceCv    | Noticed an ice dragon
 15592 | IceCv    | Noticed an ice dragon
 15603 | IceCv    | Killed an ice dragon
 15603 | IceCv    | Reached skill level 10 in Conjurations
 15611 | IceCv    | Killed an ice dragon
 15634 | IceCv    | Got a scintillating copper ring
 15636 | IceCv    | Got a transparent jade amulet
 15681 | IceCv    | Identified the amulet of Dishonesty {rElec Regen+} (You
                  | found it in an ice cave)
 15682 | IceCv    | Identified the ring "Ozasyric" {*Tele Dex+5} (You found it
                  | in an ice cave)
 15960 | D:13     | Reached skill level 12 in Earth Magic
 16192 | D:13     | Noticed a deep elf sorcerer
 16197 | D:13     | Killed a deep elf sorcerer
 16365 | D:13     | Found a shimmering blue altar of Sif Muna.
 16517 | D:13     | Gained mutation: Your large and strong wings let you fly
                  | indefinitely. [Gargoyle growth]
 16517 | D:13     | Reached XP level 14. HP: 86/86 MP: 15/27
 16604 | D:13     | Found a gate to the Vaults.
 16625 | D:13     | Found a radiant altar of Vehumet.
 16755 | D:13     | Identified the Guide on Flight
 16782 | D:13     | Identified the Collected Works on Transmutation and Calling
 16784 | D:13     | Identified the Catalogue of Displaced Transmutation
 16828 | D:13     | Identified the ring of Qaumerye {rPois MR+ MP+9}
 16828 | D:13     | Noticed a deep elf sorcerer
 16832 | D:13     | Killed a deep elf sorcerer
 17138 | D:14     | Offered knowledge of Ozocubu's Refrigeration by Vehumet.
 17681 | D:14     | Gained mutation: You are partially covered in large bone
                  | plates. (SH +4) [evolution]
 17854 | D:14     | Found a runed translucent gate.
 17854 | D:14     | Found a runed translucent gate.
 17854 | D:14     | Found a runed translucent gate.
 17855 | D:14     | Noticed a purple very ugly thing
 17889 | D:14     | Reached skill level 10 in Spellcasting
 17893 | D:14     | Killed a purple very ugly thing
 17992 | D:14     | Found a runed translucent gate.
 17992 | D:14     | Found a runed translucent gate.
 18000 | D:14     | Noticed a cacodemon
 18002 | D:14     | Noticed Egubraech's ghost (adept OpBr)
 18002 | D:14     | Found a runed translucent gate.
 18339 | D:14     | Got a wavering ruby amulet
 18462 | Lair:1   | Entered Level 1 of the Lair of Beasts
 18478 | Lair:1   | Noticed Erica
 18506 | Lair:1   | Killed Erica
 18532 | Lair:1   | Reached skill level 10 in Fighting
 18532 | Lair:1   | Reached skill level 13 in Earth Magic
 18918 | Lair:1   | Identified the amulet of the Four Allies {Spirit MR+} (You
                  | found it on level 14 of the Dungeon)
 19011 | Lair:1   | Noticed Grum
 19015 | Lair:1   | Killed Grum
 19439 | Lair:2   | Reached XP level 15. HP: 67/92 MP: 29/29
 19533 | Lair:2   | Reached ****** piety under Vehumet
 19672 | Lair:2   | Noticed Sonja
 19703 | Lair:2   | Killed Sonja
 19933 | Lair:2   | Offered knowledge of Bolt of Magma by Vehumet.
 19940 | Lair:2   | Learned a level 5 spell: Bolt of Magma
 20084 | Lair:2   | Got a pitted leather armour
 20473 | Lair:3   | Gained mutation: You are agile. (Dex +2) [evolution]
 20486 | Lair:3   | Found a staircase to the Swamp.
 20493 | Lair:3   | Reached skill level 1 in Fire Magic
 20777 | Lair:3   | Found a hole to the Spider Nest.
 21588 | Lair:4   | Got a polished helmet
 22126 | Lair:5   | Found a runed translucent gate.
 22126 | Lair:5   | Found a runed translucent gate.
 22126 | Lair:5   | Found a runed translucent gate.
 22128 | Lair:5   | Noticed drasked's ghost (journeyman TrHu)
 22132 | Lair:5   | Found a viscous altar of Jiyva.
 22615 | Lair:5   | Reached skill level 10 in Maces & Flails
 23276 | Lair:5   | Got a dazzling leather armour
 23287 | Lair:5   | Identified the +1 leather armour of Indecent Exposure
                  | {rElec rF- rN+++ Str-5} (You found it on level 5 of the
                  | Lair of Beasts)
 23298 | Lair:5   | Identified the +3 leather armour of Least Resistance {rElec
                  | rPois} (You found it on level 2 of the Lair of Beasts)
 23318 | Lair:6   | Entered Level 6 of the Lair of Beasts
 23426 | Lair:6   | Found a runed translucent door.
 23426 | Lair:6   | Found a viscous altar of Jiyva.
 23426 | Lair:6   | Found a staircase to the Slime Pits.
 23426 | Lair:6   | Noticed an acid blob
 23438 | Lair:6   | Gained mutation: You are surrounded by a mild repulsion
                  | field. (EV +2) [evolution]
 23799 | Lair:6   | Reached XP level 16. HP: 100/100 MP: 30/30
 23855 | Lair:6   | Reached skill level 5 in Fire Magic
 24340 | Lair:6   | Offered knowledge of Orb of Destruction by Vehumet.
 24342 | Lair:6   | Found a large runed translucent door.
 24359 | Lair:6   | Found a large runed translucent door.
 24434 | Lair:6   | Reached skill level 14 in Earth Magic
 24620 | Lair:6   | Identified the +1 helmet "Neppinau" {rPois rF- Str+6 SInv}
                  | (You found it on level 4 of the Lair of Beasts)
 24936 | Orc:1    | Entered Level 1 of the Orcish Mines
 24991 | Orc:1    | Noticed Snorg
 25025 | Orc:1    | Killed Snorg
 25288 | Orc:1    | Found a runed translucent gate.
 25288 | Orc:1    | Found a runed translucent gate.
 25298 | Orc:1    | Noticed washedup's ghost (novice DDFi)
 25308 | Orc:1    | Found a runed translucent gate.
 25599 | D:12     | Bought a potion of heal wounds for 85 gold pieces
 25599 | D:12     | Bought a potion of resistance for 170 gold pieces
 25599 | D:12     | Bought a potion of haste for 170 gold pieces
 25599 | D:12     | Bought a potion of magic for 136 gold pieces
 25599 | D:12     | Bought 2 potions of heal wounds for 170 gold pieces
 25599 | D:12     | Bought a potion of curing for 51 gold pieces
 25599 | D:12     | Bought a potion of heal wounds for 85 gold pieces
 25677 | D:12     | Bought 2 potions of magic for 208 gold pieces
 25677 | D:12     | Bought a potion of haste for 130 gold pieces
 25677 | D:12     | Bought a potion of resistance for 130 gold pieces
 25677 | D:12     | Bought a potion of magic for 104 gold pieces
 25677 | D:12     | Bought a potion of haste for 130 gold pieces
 25791 | Orc:2    | Entered Level 2 of the Orcish Mines
 26092 | D:10     | Bought a scroll of immolation for 56 gold pieces
 26171 | Orc:2    | Found Kovofow's Weapon Shoppe.
 26171 | Orc:2    | Found Muzxaule's Weapon Shop.
 26171 | Orc:2    | Found Obuengy's Jewellery Boutique.
 26171 | Orc:2    | Found Pymam's Weapon Shoppe.
 26179 | Orc:2    | Offered knowledge of Lightning Bolt by Vehumet.
 26416 | Orc:2    | Found Mile's Magic Scroll Emporium.
 26419 | Orc:2    | Bought a scroll of blinking for 82 gold pieces
 26419 | Orc:2    | Bought a scroll of enchant armour for 82 gold pieces
 26419 | Orc:2    | Bought a scroll of identify for 22 gold pieces
 26419 | Orc:2    | Bought a scroll of identify for 22 gold pieces
 26419 | Orc:2    | Bought a scroll of identify for 22 gold pieces
 26419 | Orc:2    | Bought a scroll of identify for 22 gold pieces
 26459 | Orc:2    | Found a staircase to the Elven Halls.
 26731 | D:15     | Entered Level 15 of the Dungeon
 26731 | D:15     | Found a portal to a secret trove of treasure.
 26731 | D:15     | Identified Roxanne's Guide on Transmutation
 26731 | D:15     | Noticed Roxanne
 26736 | D:15     | Killed Roxanne
 27242 | D:15     | Found a staircase to the Depths.
 27829 | Spider:1 | Entered Level 1 of the Spider Nest
 27847 | Lair:3   | Reached XP level 17. HP: 99/106 MP: 32/32
 27968 | Spider:1 | Reached XP level 18. HP: 112/112 MP: 33/33
 30038 | Spider:2 | Offered knowledge of Fireball by Vehumet.
 30047 | Spider:2 | Learned a level 5 spell: Fireball
 31373 | Spider:3 | Learned a level 5 spell: Irradiate
 32103 | Swamp:1  | Entered Level 1 of the Swamp
 32553 | Swamp:1  | Reached skill level 15 in Earth Magic
 33085 | Swamp:2  | Found a runed translucent door.
 33268 | Swamp:2  | Reached skill level 10 in Dodging
 33661 | Swamp:2  | Offered knowledge of Lehudib's Crystal Spear by Vehumet.
 33671 | Swamp:2  | Learned a level 8 spell: Lehudib's Crystal Spear
 34254 | Swamp:2  | Lost mutation: Your body sometimes deteriorates upon taking
                  | damage. [evolution]
 34323 | Swamp:3  | Reached XP level 19. HP: 118/118 MP: 35/35
 34405 | Swamp:3  | Identified a +0 pair of boots of running (You found it on
                  | level 3 of the Swamp)
 34717 | Swamp:3  | Identified the ring "Cienoch" {rPois Str+4} (You found it
                  | on level 3 of the Swamp)
 35048 | Swamp:3  | Reached skill level 10 in Fire Magic
 35127 | Swamp:4  | Entered Level 4 of the Swamp
 35406 | Swamp:4  | Offered knowledge of Fire Storm by Vehumet.
 35406 | Swamp:4  | Offered knowledge of Shatter by Vehumet.
 35406 | Swamp:4  | Offered knowledge of Tornado by Vehumet.
 35933 | Swamp:4  | Got a decaying rune of Zot
 36248 | Elf:1    | Entered Level 1 of the Elven Halls
 36509 | Elf:1    | Found Eghab's Gadget Shoppe.
 36675 | Elf:1    | Noticed an Ice Fiend
 37790 | Elf:2    | Found a runed translucent gate.
 37790 | Elf:2    | Found a runed translucent gate.
 37795 | Elf:2    | Found a runed translucent gate.
 37837 | Elf:3    | Entered Level 3 of the Elven Halls
 37896 | Elf:3    | Found Vumach's One-of-a-Kind Books.
 37920 | Elf:3    | Found a runed translucent door.
 37920 | Elf:3    | Found a shimmering altar of Xom.
 37920 | Elf:3    | Noticed ikjuyhgtrf's ghost (adept DDFi)
 38171 | Elf:3    | Found Beycegro's General Store.
 38222 | Elf:3    | Reached XP level 20. HP: 124/124 MP: 34/36
 39364 | Elf:3    | Cast into level 3 of the Abyss (a deep elf sorcerer)
 39523 | Abyss:3  | Found a corrupted altar of Lugonu.
 39581 | Abyss:3  | Reached skill level 16 in Earth Magic
 39812 | Abyss:3  | HP: 1/125 [blizzard demon/the air (28)]
 39827 | Abyss:3  | Paralysed by a great orb of eyes for 4 turns
 39835 | Abyss:3  | Got an abyssal rune of Zot
 40188 | Abyss:3  | Lost mutation: You are agile. (Dex +2) [a neqoxec]
 40204 | Abyss:3  | Got a crude robe
 40261 | Elf:3    | Escaped the Abyss
 40403 | Elf:3    | Identified the ring of Elicatti {Ice Int+2}
 40464 | Elf:3    | Identified the ring "Xuarecybb" {rElec Dex+6}
 40590 | Elf:3    | Identified the +6 scale mail "Hapo Fefatt" {Dex+3}
 40590 | Elf:3    | Identified the ring of Gyvimu Boagh {rC+ rN+ Str+2 Int+3}
 40596 | Elf:3    | Identified the ring of Curiosity {Int+6 Slay+2 Stlth+}
 40601 | Elf:3    | Identified the +9 war axe of Asonluil {antimagic, rF+ Str+2
                  | Int+3}
 40669 | Elf:3    | Identified the cursed +0 robe of the Moon {Str+3} (You
                  | found it on level 3 of the Abyss)
 40868 | Elf:3    | Identified the Incunabulum of Circular Logic
 40878 | Elf:3    | Identified the Almanac of Supportive Cold
 40915 | Elf:3    | Got a glimmering quarterstaff
 40916 | Elf:3    | Identified the cursed +0 quarterstaff of the Ship {vorpal,
                  | MR+ Dex+5} (You found it on level 3 of the Elven Halls)
 41072 | Elf:3    | Learned a level 8 spell: Ignition
 41143 | Elf:3    | Found Beycegro's General Store.
 41414 | Elf:3    | Found a runed translucent door.
 41414 | Elf:3    | Found a shimmering altar of Xom.
 41415 | Elf:3    | Found Vumach's One-of-a-Kind Books.
 41752 | Elf:3    | Killed ikjuyhgtrf's ghost
 42145 | Spider:4 | Entered Level 4 of the Spider Nest
 42595 | Spider:4 | Reached XP level 21. HP: 94/131 MP: 24/37
 43162 | Spider:4 | Got a gossamer rune of Zot
 43504 | Vaults:1 | Entered Level 1 of the Vaults
 44052 | Vaults:1 | Found Daopsevu's Book Shop.
 44352 | Vaults:1 | Found Ykoc's Magic Scroll Shoppe.
 44554 | Vaults:1 | Found Sacoi's Antique Armour Emporium.
 44616 | Vaults:1 | Gained mutation: You are robust. (+10% HP) [evolution]
 44933 | Vaults:2 | Identified a scroll of acquirement
 44933 | Vaults:2 | Acquired 1059 gold pieces
 45096 | D:10     | Bought a scroll of acquirement for 832 gold pieces
 45096 | D:10     | Bought a scroll of acquirement for 832 gold pieces
 45193 | D:15     | You paid a toll of 2 scrolls of acquirement to enter a
                  | treasure trove
 45194 | Trove    | Entered a treasure trove
 45441 | Vaults:2 | Reached skill level 15 in Conjurations
 46112 | Vaults:2 | Found Leasch Virch's Jewellery Boutique.
 46144 | Vaults:2 | Found Pyeq Duo's Antique Weapon Shoppe.
 46178 | Vaults:2 | Found Ilustruc's Gadget Emporium.
 46811 | Vaults:3 | Found a staircase to the Crypt.
 46911 | Vaults:3 | Reached XP level 22. HP: 117/151 MP: 34/39
 46927 | Vaults:3 | Noticed Jory
 46943 | Vaults:3 | Reached skill level 17 in Earth Magic
 46944 | Vaults:3 | Killed Jory
 46998 | Vaults:3 | Gained mutation: You are agile. (Dex +2) [evolution]
 49076 | Vaults:4 | Reached skill level 10 in Evocations
 49555 | Vaults:4 | Found a runed translucent gate.
 49555 | Vaults:4 | Found a runed translucent gate.
 49555 | Vaults:4 | Found a runed translucent gate.
 49556 | Vaults:4 | Found an opulent altar of Gozag.
 49557 | Vaults:4 | Noticed Liek's ghost (adept FeCK)
 49584 | Vaults:4 | Reached skill level 15 in Fighting
 49910 | Vaults:5 | Entered Level 5 of the Vaults
 49912 | Vaults:5 | Reached XP level 23. HP: 158/158 MP: 35/40
 49956 | Vaults:4 | Learned a level 9 spell: Shatter
 49956 | Vaults:4 | Upgraded the game from 0.26-a0-660-gc07710193c to
                  | 0.26-a0-661-g406de6ba63
 49978 | Vaults:4 | Killed Liek's ghost
 50035 | Vaults:4 | Gained mutation: You rapidly evolve. [evolution]
 50185 | Crypt:1  | Entered Level 1 of the Crypt
 50365 | Crypt:1  | Reached skill level 15 in Fire Magic
 51163 | Crypt:1  | Reached skill level 15 in Maces & Flails
 51296 | Crypt:1  | You are sucked into a shaft and drop 1 floor!
 51560 | Crypt:2  | Found a runed translucent door.
 51561 | Crypt:2  | Noticed an ancient lich
 51640 | Crypt:2  | Found a runed translucent door.
 51641 | Crypt:2  | Found a shimmering altar of Xom.
 51641 | Crypt:2  | Noticed Neacots's ghost (veteran GrFi)
 51861 | Crypt:2  | Killed an ancient lich
 51925 | Crypt:3  | Entered Level 3 of the Crypt
 52179 | Crypt:3  | Found a staircase to the Tomb.
 52337 | Crypt:3  | Reached skill level 18 in Earth Magic
 52670 | Crypt:3  | Found a runed translucent gate.
 52670 | Crypt:3  | Found a runed translucent gate.
 52670 | Crypt:3  | Found a runed translucent gate.
 52670 | Crypt:3  | Noticed Warufrag's ghost (veteran GrFi)
 52682 | Crypt:3  | Reached XP level 24. HP: 149/167 MP: 6/41
 52728 | Crypt:3  | Killed Warufrag's ghost
 53120 | Crypt:3  | Noticed an ancient lich
 53121 | Crypt:3  | Identified the Volume of the Dislocated Mountains
 53140 | Crypt:3  | Killed from afar by an ancient lich

Illustrated notes

Levels and vault maps discovered:
D:1:      saegor_arrival_miasma, layout_loops_ring
D:2:      layout_basic
D:3:      layout_basic, uniq_ijyb
D:4:      layout_gridville, minmay_temple_entry_fiery, kennysheep_dice,
          uniq_eustachio, uniq_duvessa
D:5:      layout_basic, nemelex_altar_shiori, st_stairs_8,
          wad_floor_pattern_untrapped, uniq_edmund
D:6:      layout_loops_corners, nicolae_evil_shop
D:7:      layout_gridville
D:8:      layout_gridville, kennysheep_mini
D:9:      layout_stronghold, erik_orc_4, uniq_harold
D:10:     layout_gridville, dpeg_oklobed_lair, serial_shops, shop,
          minmay_misc_feat_hallway, uniq_josephine, uniq_joseph, uniq_maurice
D:11:     layout_basic, lightli_orcish_oven
D:12:     layout_basic, special_room [special_room_bee], serial_shops, shop,
          kennysheep_mini_moat, nicolae_shop_trees, shop_fountains, shop,
          led_sif_book
D:13:     evilmike_library_of_no_secrets, layout_stronghold, david_vaults_5,
          portal_ice_cave_rime, basic_altar, uniq_kirke
D:14:     minmay_the_grid_triangle_9x9_recursive_2
          [minmay_the_grid_triangle_9x9_prize_schism,
          minmay_the_grid_triangle_9x9_flanged_cone,
          minmay_the_grid_triangle_9x9_sprig,
          minmay_the_grid_triangle_9x9_longest], layout_cave_pools,
          minmay_staircase_statues, ploomutoo_gammafunk_ghost_potion_laboratory
D:15:     gammafunk_enter_depths_forms, layout_long_grid, enter_trove_2,
          uniq_roxanne
Temple:   regret_index_temple_chain_breaker
Lair:1:   layout_chaotic_city, beast_lair_carwin_8, uniq_grum, uniq_erica
Lair:2:   layout_small_grid, serial_bayou_shore_a, grunt_megastairs_3,
          uniq_sonja
Lair:3:   layout_misc_corridors, skrybe_swamp_entry_bodies,
          nicolae_spider_entry_orb_guardian, chequers_serial_rivers_marsh
Lair:4:   layout_gridlike, grunt_megastairs_2
Lair:5:   layout_hall_layers, gammafunk_ghost_ooze
Lair:6:   cheibrodos_lair_end_hotspot, layout_long_grid, slime_altar_2,
          chequers_serial_rivers_room_a, serial_bayou_shore_b
Swamp:1:  layout_basic_swamp, infiniplex_staircase_pool, swamp_pool4,
          st_swamp_ruins_3
Swamp:2:  gammafunk_mikee_crab_dinner, layout_basic_swamp,
          nicolae_swamp_feature_on_the_river_bank, swamp_pool1
Swamp:3:  layout_basic_swamp, hangedman_swamp_lotus
Swamp:4:  swamp_alternative, layout_basic_swamp
Spider:1: layout_spider_delve, special_room
Spider:2: layout_chambers
Spider:3: layout_chambers
Spider:4: grunt_spider_rune_circles, guppyfry_spider_mini_2
Orc:1:    layout_caves, ebering_ghost_rock_garden, uniq_snorg
Orc:2:    st_orc_ogre_mass, layout_caves, serial_shops,
          nicolae_shop_behind_doors
Elf:1:    layout_rooms, serial_shops, shop, hangedman_elf_disciples,
          solitary_fountain
Elf:2:    layout_geoelf_octagon, corner_web_ring
Elf:3:    minmay_elf_hall_statues, layout_geoelf_diagonals, serial_shops, shop,
          ebering_ghost_xom, nicolae_rare_books, minmay_misc_feat_rows
Vaults:1: vaults_mumra_lcd, v_misc_18, vaults_mumra_hex,
          nicolae_vaults_three_branches, vaults_dpeg_encased_lava,
          layout_vaults_omnigrid, serial_shops, nicolae_shop_stone, shop,
          nicolae_shop_statue_plus
Vaults:2: nicolae_vaults_mini_display_case, v_misc_8, st_lattice,
          v_alt_pattern_4, vaults_room_grid, hangedman_vaults_nodes,
          hangedman_vaults_cutoff, v_misc_14, nicolae_vaults_asterisk,
          layout_vaults_big_room, serial_shops, nicolae_shop_trees, shop,
          nicolae_shop_crystal
Vaults:3: nicolae_vaults_quadrants, v_pattern_3, vaults_room_semicircle,
          minmay_crypt_entry_simple_corners, vaults_room_semicircle, v_misc_29,
          nicolae_vaults_little_squares_4, vaults_room_stairs_pillars,
          vaults_room_fancy_cross, vaults_dpeg_spiral, grunt_vaults_twisty,
          hangedman_vaults_slice, nicolae_vaults_windows_and_doors_thing,
          hangedman_vaults_trim, layout_vaults_omnicross, uniq_jory
Vaults:4: ebering_vaults_ghost_gozag, vaults_room_large_hall, st_smaller_cells,
          nicolae_vaults_network_quinsquares
          [nicolae_vaults_network_quincunx_subvault,
          nicolae_vaults_network_quincunx_subvault,
          nicolae_vaults_network_quincunx_subvault,
          nicolae_vaults_network_quincunx_subvault], ontoclasm_vaults_idyll,
          nicolae_vaults_circle_grid_a, hangedman_vaults_corner_blocks,
          vaults_room_boxed, nicolae_vaults_big_angled_halls,
          ontoclasm_vaults_twist, vaults_dpeg_diagonal, layout_vaults_maze_bifur
Vaults:5: serial_shops, uniq_frederick
Crypt:1:  layout_regular_city, minivault_25, nicolae_crypt_small_crypt,
          minmay_misc_feat_ornament, minmay_misc_feat_alley
Crypt:2:  cheibrodos_crypt_cold_storage, layout_rooms, ebering_ghost_xom
Crypt:3:  david_glass_crypt, layout_gridlike, tomb_entry_simple_bobbens,
          gammafunk_ghost_necromancy

Skill      XL: |  1  2  3  4  5  6  7  8  9 10 11 12 13 14 15 16 17 18 19 20 21 22 23 24 |
---------------+-------------------------------------------------------------------------+-----
Earth Magic    | 4 5 6 7 8 9 10 11 12 13 14 15 16 17 18 | 18.1
Conjurations   | 1 2 3 4 5 6 7 8 9 10 11 12 13 14 15 16 | 16.5
Spellcasting   | 3 4 5 6 7 8 9 10 11 12 13 14 | 14.5
Fighting       | 1 3 4 6 7 9 10 11 12 13 14 15 | 15.7
Armour         | 1 3 4 6 |  6.0
Evocations     | 1 2 4 5 6 7 8 9 10 | 10.0
Maces & Flails | 1 3 4 5 6 8 9 10 12 13 14 15 | 15.3
Dodging        | 2 3 4 6 7 8 9 10 11 12 | 12.7
Fire Magic     | 4 7 9 11 12 13 14 15 16 | 16.0
Stealth        | |  2.1
Transmutations | |  0.7

Action                   |  1- 3 |  4- 6 |  7- 9 | 10-12 | 13-15 | 16-18 | 19-21 | 22-24 || total
-------------------------+-------+-------+-------+-------+-------+-------+-------+-------++-------
Melee: Unarmed           |     5 |       |       |       |    13 |       |       |       ||    18
       Dagger            |   119 |   139 |       |       |       |       |       |       ||   258
       Whip              |       |     6 |       |       |       |       |       |       ||     6
       Hand axe          |       |    19 |       |       |       |       |       |       ||    19
       Quarterstaff      |       |     2 |       |       |       |       |       |       ||     2
       Falchion          |       |       |    90 |       |       |       |       |       ||    90
       Flail             |       |       |   197 |    21 |       |       |       |       ||   218
       Demon whip        |       |       |       |   633 |  1036 |   651 |   673 |   429 ||  3422
       Headbutt          |       |       |       |    23 |   167 |    77 |    99 |    80 ||   446
 Cast: Sandblast         |    15 |    41 |    37 |    29 |    12 |     1 |     3 |       ||   138
       Stone Arrow       |       |     4 |       |    15 |       |       |       |       ||    19
       Lee's Rapid Decon |       |       |    15 |    34 |    75 |    32 |    65 |    11 ||   232
       Iron Shot         |       |       |       |    13 |    50 |   170 |   202 |   116 ||   551
       Bolt of Magma     |       |       |       |       |     8 |     1 |       |       ||     9
       Fireball          |       |       |       |       |       |     8 |    17 |     3 ||    28
       Irradiate         |       |       |       |       |       |     6 |    18 |     3 ||    27
       Ignition          |       |       |       |       |       |       |    30 |    55 ||    85
       Shatter           |       |       |       |       |       |       |       |     4 ||     4
 Abil: Fly               |       |       |       |       |     1 |       |       |       ||     1
Evoke: Wand              |       |     1 |       |     2 |       |       |     5 |       ||     8
       Phantom mirror    |       |       |       |       |     1 |     1 |     1 |     1 ||     4
       Condenser vane    |       |       |       |       |       |     2 |     7 |     1 ||    10
       Tin of tremorston |       |       |       |       |       |       |     6 |     3 ||     9
  Use: Scroll            |       |    12 |    10 |    12 |    17 |     6 |    28 |     4 ||    89
       Potion            |       |     5 |     1 |     5 |    12 |     2 |    16 |     4 ||    45
 Stab: Sleeping          |     3 |     2 |     6 |     1 |     4 |     4 |     2 |     1 ||    23
       Distracted        |       |       |     1 |       |     2 |       |       |       ||     3
       Invisible         |       |       |       |       |     1 |       |       |       ||     1
       Confused          |       |       |       |       |       |       |     1 |       ||     1
Armor: Robe              |    55 |    85 |   179 |   267 |       |       |       |       ||   586
       Skin              |       |    10 |       |       |       |       |       |       ||    10
       Troll leather arm |       |       |       |   161 |   496 |   329 |   440 |   198 ||  1624
Dodge: Dodged            |    89 |   145 |   255 |   437 |   630 |   489 |   570 |   265 ||  2880
Block: Other             |       |       |       |       |    89 |   111 |   125 |    60 ||   385
       Rpst.: Falchion   |       |       |    26 |       |       |       |       |       ||    26

Table legend: (Time is in decaauts)
 A = Elapsed time spent in this place.
 B = Non-inter-level travel time spent in this place.
 C = Inter-level travel time spent in this place.
 D = Time resting spent in this place.
 E = Time spent auto-exploring this place.
 F = Levels seen in this place.
 G = Mean time per level.
                   A        B        C        D        E       F      G
               +--------+--------+--------+--------+--------+-----+--------+
         Total |  50871 |  47029 |   3842 |   7445 |  29726 |  46 | 1105.9 |
       Dungeon |  19588 |  17818 |   1770 |   2285 |  11354 |  15 | 1305.9 |
        Temple |    135 |     99 |     36 |      0 |     98 |   1 |  135.0 |
          Lair |   6407 |   5808 |    599 |    236 |   4312 |   6 | 1067.8 |
         Swamp |   3771 |   3595 |    176 |    781 |   2084 |   4 |  942.8 |
   Spider Nest |   5213 |   4809 |    404 |    727 |   3369 |   4 | 1303.2 |
  Orcish Mines |   1345 |   1155 |    190 |     98 |    792 |   2 |  672.5 |
   Elven Halls |   4433 |   4184 |    249 |   1356 |   2061 |   3 | 1477.7 |
        Vaults |   5791 |   5470 |    321 |    723 |   3823 |   5 | 1158.2 |
         Crypt |   2679 |   2585 |     94 |    798 |   1289 |   3 |  893.0 |
         Abyss |    812 |    812 |      0 |    276 |    286 |   1 |  812.0 |
         Trove |     43 |     43 |      0 |      0 |      0 |   1 |   43.0 |
      Ice Cave |    648 |    648 |      0 |    162 |    257 |   1 |  648.0 |
               +--------+--------+--------+--------+--------+-----+--------+

Top non-repeatable levels by time:
   Elf:3: 2920 daAuts
    D:10: 2047 daAuts
    D:13: 1956 daAuts
Vaults:3: 1745 daAuts
Vaults:4: 1711 daAuts
     D:4: 1619 daAuts
     D:9: 1591 daAuts
Spider:1: 1580 daAuts
    D:11: 1435 daAuts
  Lair:6: 1404 daAuts
Spider:2: 1395 daAuts
Vaults:1: 1378 daAuts
     D:5: 1373 daAuts
 Swamp:2: 1327 daAuts
    D:12: 1310 daAuts
